 Dungeon Crawl Stone Soup version 0.24.0-13-gcf9b319 (webtiles) character file.

Game seed: 4620386808651997712, levelgen mode: deterministic

234 Abanax the Skirmisher (level 5, -1/47 HPs)
             Began as a Draconian Berserker on Feb 2, 2020.
             Was a Believer of Trog.
             Slain by Grinder (4 damage)
             ... on level 3 of the Dungeon.
             The game lasted 00:20:43 (2914 turns).

Abanax the Skirmisher (Draconian Berserker)         Turns: 2914, Time: 00:20:43

Health: -1/47      AC:  6    Str: 20    XL:     5   Next: 75%
Magic:  5/5        EV: 13    Int:  8    God:    Trog [**....]
Gold:   106        SH:  0    Dex: 10    Spells: 4/4 levels left

rFire    + . .     SeeInvis .   a - +0 spear
rCold    + . .     Gourm    .   (no shield)
rNeg     . . .     Faith    .   (armour unavailable)
rPois    +         Spirit   .   (helmet restricted)
rElec    +         Reflect  .   p - +0 cloak
rCorr    +         Harm     .   (no gloves)
MR       .....                  (no boots)
Stlth    ++........             (no amulet)
HPRegen  0.15/turn              (no ring)
MPRegen  0.09/turn              (no ring)

@: resistant
A: unfitting armour, cold-blooded, AC +5
a: Berserk, Trog's Hand, Renounce Religion


You were on level 3 of the Dungeon.
You worshipped Trog.
Trog was pleased with you.
You were not hungry.

You visited 1 branch of the dungeon, and saw 3 of its levels.

You collected 106 gold pieces.

Inventory:

Hand Weapons
 a - a +0 spear (weapon)
Armour
 p - a +0 cloak (worn)
Wands
 j - a wand of paralysis (10)
Scrolls
 d - 2 scrolls of amnesia
 e - 2 scrolls of identify
 f - a scroll of teleportation
 k - a scroll of enchant armour {unknown}
 l - a scroll of remove curse {unknown}
 n - a scroll of noise {unknown}
Potions
 c - a potion of curing
 i - a potion of lignification {unknown}
 m - a potion of magic {unknown}
 o - a potion of degeneration {unknown}
Comestibles
 b - 2 rations


   Skills:
 + Level 4.5 Fighting
 + Level 4.1 Polearms
 + Level 3.7 Dodging
 + Level 2.6 Stealth


You had 4 spell levels left.
You didn't know any spells.
Your spell library was empty.

Dungeon Overview and Level Annotations

Branches:
Dungeon (3/15)

Altars:
Nemelex Xobeh

Annotations:
D:3 Grinder


Innate Abilities, Weirdness & Mutations

Your plain brown scales are hard. (AC +5)
You cannot fit into any form of body armour.
You are cold-blooded and may be slowed by cold attacks.


Message History

Aim: Grinder (moderately wounded)
You hit Grinder.
Grinder is moderately wounded.
Grinder gestures at you.
You shrug off the repeated paralysis!
Attack whom?
Press: ? - help, Dir - move target cursor, f/p - Grinder
Aim: Grinder (moderately wounded)
You closely miss Grinder.
Grinder is moderately wounded.
Grinder hits you.
* * * LOW HITPOINT WARNING * * *
You writhe in agony.
* * * LOW HITPOINT WARNING * * *
It was a potion of resistance.
You feel protected. Grinder hits you.
* * * LOW HITPOINT WARNING * * *
You writhe in agony.
You die...

.....#.##......#...#
.......###.......###
.......# #.#.....#
........##.#...#.#
......#.##.#...#.####
##+##.#.##.#...#....###
.. ..............# .
.............## ..
.......@......# ..
........5.....#
.......................#
.......................#
.(.....$...............
......................#
.................%...##
.....................#
.....................#


You could see Grinder.

Vanquished Creatures
  Crazy Yiuf (D:2)
  Jessica (D:3)
  An iguana (D:3)
  Natasha (D:2)
  3 adders
  2 oozes
  2 worms
  A dart slug (D:3)
  2 leopard geckos
  An orc (D:3)
  3 giant cockroaches
  10 goblins
  8 hobgoblins
  2 jackals (D:1)
  4 kobolds
  A quokka (D:2)
  8 bats
  5 frilled lizards
  10 rats
66 creatures vanquished.

Vanquished Creatures (others)
  Natasha (D:2)
1 creature vanquished.

Grand Total: 67 creatures vanquished

Notes
Turn   | Place    | Note
-------+----------+-------------------------------------------
     0 | D:1      | Abanax the Draconian Berserker began the quest for the Orb.
     0 | D:1      | Reached XP level 1. HP: 19/19 MP: 1/1
   147 | D:1      | Reached XP level 2. HP: 11/26 MP: 2/2
   594 | D:1      | Reached skill level 1 in Stealth
   749 | D:1      | Reached XP level 3. HP: 27/31 MP: 3/3
   788 | D:1      | Found a sparkling altar of Nemelex Xobeh.
   948 | D:2      | Noticed Natasha
   954 | D:2      | Killed Natasha
  1005 | D:2      | You fall into a shaft and drop 1 floor!
  1006 | D:3      | Noticed Grinder
  1387 | D:2      | Reached XP level 4. HP: 40/40 MP: 4/4
  1413 | D:2      | Noticed Natasha
  1415 | D:2      | Reached ** piety under Trog
  1701 | D:2      | Killed Natasha
  2066 | D:2      | Found a runed translucent door.
  2067 | D:2      | Noticed Crazy Yiuf
  2260 | D:2      | Killed Crazy Yiuf
  2260 | D:2      | Reached XP level 5. HP: 46/46 MP: 5/5
  2296 | D:3      | Noticed Jessica
  2302 | D:3      | Killed Jessica
  2371 | D:3      | HP: 1/47 [iguana (12)]
  2820 | D:3      | Paralysed by Grinder for 5 turns
  2829 | D:3      | Paralysed by Grinder for 7 turns
  2904 | D:3      | Paralysed by Grinder for 4 turns
  2914 | D:3      | Slain by Grinder

Levels and vault maps discovered:
D:1:      dpeg_arrival_short_road, layout_basic, minmay_hedge_maze,
          nemelex_diamond_rough_becter
D:2:      layout_rooms, kennysheep_generic_room_2, uniq_crazy_yiuf_cottage,
          uniq_natasha
D:3:      layout_basic, first_ration, uniq_grinder, uniq_jessica

Skill      XL: |  1  2  3  4  5 |
---------------+----------------+-----
Stealth        | 1 2 |  2.6
Dodging        | 3 |  3.7
Fighting       | 4 |  4.5
Polearms       | 4 |  4.1

Action                   |  1- 3 |  4- 6 || total
-------------------------+-------+-------++-------
Melee: Spear             |   116 |   181 ||   297
       Tailslap          |    11 |    15 ||    26
Invok: Berserk           |     1 |     1 ||     2
  Use: Scroll            |       |     3 ||     3
       Potion            |       |     3 ||     3
 Stab: Sleeping          |     5 |     3 ||     8
       Invisible         |       |     2 ||     2
  Eat: Ration            |     1 |     2 ||     3
       Chunk             |     1 |       ||     1
Armor: Skin              |    33 |    49 ||    82
Dodge: Dodged            |    66 |   110 ||   176
